Map: Abiogênese LE

Players

IagoAbreu

  • Race: Zerg Zerg
  • League: Gold
  • Spawn Location: 5:00

Petrolis - Winner!

  • Race: Zerg Zerg
  • League: Silver
  • Spawn Location: 11:00

VOD

Have the link to the VOD?

Description

Time

  • Played on: May 12, 2018, 12:06 p.m.
  • Length: 5:32
Show
View Real Time Build Order
Export as new Build Order

IagoAbreu Zerg 

Build Orders: Pool First 

Get SALT Encoding   

  12  0:01  Drone  
  13  0:13  Overlord  
  13  0:17  Drone  
  14  0:25  Extractor  
  14  0:26  Drone  
  14  0:33  Drone  
  15  0:40  Drone  
  16  0:50  Spawning Pool  
  15  1:15  Evolution Chamber  
  15  1:17  Drone x3  
  17  1:38  Hatchery  
  16  1:48  Roach Warren  
  16  1:52  Drone  
  16  1:56  Drone  
  17  2:05  Zerg Missile Weapons Level 1  
  17  2:10  Drone  
  17  2:13  Drone  
  18  2:30  Roach x2  
  22  2:42  Roach Warren  
  21  2:46  Overlord  
  20  3:04  Queen  
  20  3:05  Zergling x4  
  24  3:20  Drone x2  
  24  3:26  Roach  
  26  3:33  Roach  
  28  3:37  Overlord  
  23  3:50  Queen  
  22  4:00  Roach  
  9  4:37  Drone  
Show
View Real Time Build Order
Export as new Build Order

Petrolis Zerg - Winner!

Build Orders: Pool First 

Get SALT Encoding   

  12  0:01  Drone  
  13  0:12  Overlord  
  13  0:19  Drone  
  14  0:31  Drone  
  14  0:33  Drone  
  16  0:43  Spawning Pool  
  16  0:47  Drone  
  16  0:54  Overlord  
  16  1:10  Extractor  
  16  1:11  Drone  
  16  1:30  Queen  
  16  1:32  Zergling x6  
  21  1:40  Evolution Chamber  
  20  1:57  Drone x2  
  22  2:18  Zergling x4  
  24  2:45  Zergling x6  
  24  3:11  Drone x3  
  24  4:03  Extractor  
  24  4:05  Metabolic Boost  
  23  4:13  Zergling x8  
  23  4:14  Zergling x4  
  15  4:36  Queen  
  13  4:51  Drone  
  13  4:52  Drone x3  
  17  5:13  Hatchery, Roach Warren  
  17  5:16  Drone x2  
Tags
 
Add a new tag
Caveats
  • Supply blocks, unpowered buildings, or Contaminate may cause inaccurate times.
  • Supply counts are checked every 10 seconds.